TOP OF THE 1ST |
Monroe Mallards batting - Pitching for Roy Eagle Squadron : RHP Alan Mayes
|
Pitching: RHP Alan Mayes
|
|
Batting: RHB Rafael Crus
|
0-0: Foul Ball, location: 2F 0-1: Swinging Strike 0-2: Foul Ball, location: 2F 0-2: Foul Ball, location: 2F 0-2: Strikes out looking
|
Batting: RHB Ricardo López
|
0-0: Ball 1-0: Ball 2-0: Ball 3-0: Base on Balls
|
Batting: RHB Cisco López
|
0-0: Ball 1-0: SINGLE (Groundball, 56S) (infield hit) Ricardo López to second
|
Batting: SHB Richie Gallegos
|
0-0: Ball 1-0: Ball 2-0: Called Strike 2-1: Ball 3-1: Foul Ball, location: 2F 3-2: Base on Balls Ricardo López to third Cisco López to second
|
Batting: LHB Dave Tucker
|
0-0: Fly out, F9 (Flyball, 89XD) Runner from 3rd tags up, SCORES, no throw Cisco López to third
|
Batting: LHB Frank Byrd
|
0-0: Called Strike 0-1: Ball 1-1: Ball 2-1: Ball 3-1: Called Strike 3-2: 3-RUN HOME RUN (Line Drive, 9D), Distance : 375 ft
|
Batting: RHB Simon Plante
|
0-0: Fly out, F9 (Flyball, 9S)
|
Top of the 1st over - 4 run(s), 2 hit(s), 0 error(s), 0 left on base; Monroe 4 - Roy 0 |
BOTTOM OF THE 1ST |
Roy Eagle Squadron batting - Pitching for Monroe Mallards : RHP Mike Church
|
Pitching: RHP Mike Church
|
|
Batting: LHB Quinn Webb
|
0-0: Hit by Pitch
|
Batting: SHB Garrett Waller
|
0-0: Reached on error, E4 (Groundball, 4) Quinn Webb to second
|
Batting: RHB Dan Duckworth
|
0-0: Ball 1-0: SINGLE (Groundball, 6MD) Quinn Webb to third Garrett Waller to second
|
Batting: SHB Shannon Cline
|
0-0: Ball 1-0: Ball 2-0: Grounds into double play, 6-4-3 (Groundball, 6) Quinn Webb scores Garrett Waller to third
|
Batting: RHB Jesús Ortíz
|
0-0: Ball 1-0: Swinging Strike 1-1: Fly out, F7 (Flyball, 7S)
|
Bottom of the 1st over - 1 run(s), 1 hit(s), 1 error(s), 1 left on base; Monroe 4 - Roy 1 |
TOP OF THE 2ND |
Monroe Mallards batting - Pitching for Roy Eagle Squadron : RHP Alan Mayes
|
Batting: LHB Mark Spencer
|
0-0: Ball 1-0: Ball 2-0: Bunt missed! 2-1: Called Strike 2-2: Strikes out swinging
|
Batting: RHB Roberto Sánchez
|
0-0: Called Strike 0-1: Ground out U3 (Groundball, 34)
|
Batting: RHB Rafael Crus
|
0-0: Ball 1-0: Called Strike 1-1: Foul Ball, location: 2F 1-2: Ball 2-2: Reached on error, E6 (Groundball, 6)
|
Batting: RHB Ricardo López
|
0-0: Ball 1-0: Fly out, F8 (Flyball, 8LD)
|
Top of the 2nd over - 0 run(s), 0 hit(s), 1 error(s), 1 left on base; Monroe 4 - Roy 1 |
BOTTOM OF THE 2ND |
Roy Eagle Squadron batting - Pitching for Monroe Mallards : RHP Mike Church
|
Batting: RHB Oliver Sánchez
|
0-0: Ball 1-0: Ball 2-0: SINGLE (Groundball, 4MD)
|
Batting: RHB Mike Russell
|
0-0: Fly out, F9 (Flyball, 9S)
|
Batting: RHB Rich Crabtree
|
0-0: Called Strike 0-1: Ball 1-1: Ball 2-1: Foul Ball, location: 2F 2-2: Foul Ball, location: 2F 2-2: Foul Ball, location: 2F 2-2: Reaches on Catchers interference Oliver Sánchez to second
|
Batting: RHB Chad Battle
|
0-0: Called Strike 0-1: Called Strike Oliver Sánchez steals 3rd base Rich Crabtree to second 0-2: Ball 1-2: Fly out, F9 (Flyball, 9LM) Runner from 3rd tags up, SCORES, no throw
|
Batting: LHB Quinn Webb
|
0-0: Ball 1-0: Swinging Strike 1-1: Fly out, F9 (Flyball, 9)
|
Bottom of the 2nd over - 1 run(s), 1 hit(s), 1 error(s), 1 left on base; Monroe 4 - Roy 2 |
TOP OF THE 3RD |
Monroe Mallards batting - Pitching for Roy Eagle Squadron : RHP Alan Mayes
|
Batting: RHB Cisco López
|
0-0: Fly out, F3 (Popup, 34)
|
Batting: SHB Richie Gallegos
|
0-0: Called Strike 0-1: Ball 1-1: Called Strike 1-2: Fly out, F4 (Line Drive, 4)
|
Batting: LHB Dave Tucker
|
0-0: Ball 1-0: Swinging Strike 1-1: Fly out, F2 (Popup, 25)
|
Top of the 3rd over - 0 run(s), 0 hit(s), 0 error(s), 0 left on base; Monroe 4 - Roy 2 |
BOTTOM OF THE 3RD |
Roy Eagle Squadron batting - Pitching for Monroe Mallards : RHP Mike Church
|
Batting: SHB Garrett Waller
|
0-0: Ball 1-0: Called Strike 1-1: Ball 2-1: Foul Ball, location: 2F 2-2: Ball 3-2: Base on Balls
|
Batting: RHB Dan Duckworth
|
0-0: Called Strike 0-1: Grounds into double play, 6-4-3 (Groundball, 6)
|
Batting: SHB Shannon Cline
|
0-0: Ball 1-0: Ball 2-0: Ball 3-0: Base on Balls
|
Batting: RHB Jesús Ortíz
|
0-0: Ball 1-0: Ball 2-0: Ball 3-0: Called Strike 3-1: Base on Balls Shannon Cline to second
|
Batting: RHB Oliver Sánchez
|
0-0: Foul Ball, location: 2F 0-1: Foul Ball, location: 2F 0-2: Hit by Pitch Shannon Cline to third Jesús Ortíz to second
|
Batting: RHB Mike Russell
|
0-0: Ball 1-0: Ground out 5-3 (Groundball, 56)
|
Bottom of the 3rd over - 0 run(s), 0 hit(s), 0 error(s), 3 left on base; Monroe 4 - Roy 2 |
TOP OF THE 4TH |
Monroe Mallards batting - Pitching for Roy Eagle Squadron : RHP Alan Mayes
|
Batting: LHB Frank Byrd
|
0-0: Foul Ball, location: 2F 0-1: Fly out, F7 (Flyball, 7LSF)
|
Batting: RHB Simon Plante
|
0-0: Called Strike 0-1: Foul Ball, location: 2F 0-2: Ball 1-2: Fly out, F9 (Flyball, 89D)
|
Batting: LHB Mark Spencer
|
0-0: Swinging Strike 0-1: Called Strike 0-2: Foul Ball, location: 2F 0-2: Ball 1-2: Foul Ball, location: 2F 1-2: Ball 2-2: Strikes out looking
|
Top of the 4th over - 0 run(s), 0 hit(s), 0 error(s), 0 left on base; Monroe 4 - Roy 2 |
BOTTOM OF THE 4TH |
Roy Eagle Squadron batting - Pitching for Monroe Mallards : RHP Mike Church
|
Batting: RHB Rich Crabtree
|
0-0: Swinging Strike 0-1: Foul Ball, location: 2F 0-2: Ball 1-2: Foul Ball, location: 2F 1-2: SINGLE (Groundball, 34S) (infield hit)
|
Batting: RHB Chad Battle
|
0-0: Foul Ball, location: 2F 0-1: Ball 1-1: Swinging Strike 1-2: Foul Ball, location: 2F 1-2: Strikes out swinging
|
Batting: LHB Quinn Webb
|
0-0: Called Strike 0-1: Foul Ball, location: 2F 0-2: Ball Passed Ball! Rich Crabtree to second 1-2: Ball 2-2: Foul Ball, location: 2F 2-2: Strikes out swinging
|
Batting: SHB Garrett Waller
|
0-0: Ball 1-0: Called Strike 1-1: Ball 2-1: SINGLE (Groundball, 3D) Rich Crabtree to third Runner from 3rd tries for Home, SAFE, no throw
|
Batting: RHB Dan Duckworth
|
0-0: Called Strike 0-1: Ball 1-1: Called Strike 1-2: Foul Ball, location: 2F 1-2: Ball 2-2: Foul Ball, location: 2F 2-2: Ball Garrett Waller steals 2nd base 3-2: Strikes out swinging
|
Bottom of the 4th over - 1 run(s), 2 hit(s), 0 error(s), 1 left on base; Monroe 4 - Roy 3 |
TOP OF THE 5TH |
Monroe Mallards batting - Pitching for Roy Eagle Squadron : RHP Alan Mayes
|
Batting: RHB Roberto Sánchez
|
0-0: Ball 1-0: Swinging Strike 1-1: Fly out, F8 (Flyball, 8RM)
|
Batting: RHB Rafael Crus
|
0-0: Foul Ball, location: 2F 0-1: Swinging Strike 0-2: Foul Ball, location: 2F 0-2: Strikes out swinging
|
Batting: RHB Ricardo López
|
0-0: Fly out, F7 (Flyball, 7LM)
|
Top of the 5th over - 0 run(s), 0 hit(s), 0 error(s), 0 left on base; Monroe 4 - Roy 3 |
BOTTOM OF THE 5TH |
Roy Eagle Squadron batting - Pitching for Monroe Mallards : RHP Mike Church
|
Batting: SHB Shannon Cline
|
0-0: Ball 1-0: Foul Ball, location: 2F 1-1: Ground out 6-3 (Groundball, 6)
|
Pitching: LHP Dave Hughes
|
|
Batting: RHB Jesús Ortíz
|
0-0: Foul Ball, location: 2F 0-1: Swinging Strike 0-2: Ball 1-2: Ground out 6-3 (Groundball, 6)
|
Batting: RHB Oliver Sánchez
|
0-0: Ball 1-0: Ground out 5-3 (Groundball, 56S)
|
Bottom of the 5th over - 0 run(s), 0 hit(s), 0 error(s), 0 left on base; Monroe 4 - Roy 3 |
TOP OF THE 6TH |
Monroe Mallards batting - Pitching for Roy Eagle Squadron : RHP Alan Mayes
|
Batting: RHB Cisco López
|
0-0: Called Strike 0-1: Swinging Strike 0-2: Fly out, F8 (Flyball, 78M)
|
Batting: SHB Richie Gallegos
|
0-0: Called Strike 0-1: SINGLE (Line Drive, 6D)
|
Batting: LHB Dave Tucker
|
0-0: SINGLE (Groundball, 4MD) Richie Gallegos to second Runner from 2nd tries for 3rd, SAFE, throw made to third Dave Tucker to second
|
Batting: LHB Frank Byrd
|
0-0: Called Strike 0-1: Called Strike 0-2: Foul Ball, location: 2F 0-2: Ground out 4-3 (Groundball, 4S) Richie Gallegos scores Dave Tucker to third
|
Pitching: RHP Tony Zamora
|
|
Batting: RHB Simon Plante
|
0-0: Called Strike 0-1: Swinging Strike 0-2: Strikes out swinging
|
Top of the 6th over - 1 run(s), 2 hit(s), 0 error(s), 1 left on base; Monroe 5 - Roy 3 |
BOTTOM OF THE 6TH |
Roy Eagle Squadron batting - Pitching for Monroe Mallards : LHP Dave Hughes
|
Batting: RHB Mike Russell
|
0-0: Ball 1-0: Called Strike 1-1: Called Strike 1-2: Strikes out swinging
|
Batting: RHB Rich Crabtree
|
0-0: Ball 1-0: Foul Ball, location: 2F 1-1: Ball 2-1: Ball 3-1: Ground out 6-3 (Groundball, 6)
|
Batting: RHB Chad Battle
|
0-0: Reached on error, E6 (Groundball, 6S)
|
Batting: LHB Quinn Webb
|
0-0: Called Strike 0-1: SINGLE (Line Drive, 8RS) Chad Battle to second
|
Batting: SHB Garrett Waller
|
0-0: Ball 1-0: Ball 2-0: SINGLE (Line Drive, 34D) Chad Battle to third Quinn Webb to second
|
Batting: RHB Dan Duckworth
|
0-0: Foul Ball, location: 2F 0-1: Ball 1-1: Hit by Pitch Chad Battle scores Quinn Webb to third Garrett Waller to second
|
Pitching: RHP Mark Thompson
|
|
Batting: SHB Shannon Cline
|
0-0: Swinging Strike 0-1: Ball 1-1: Foul Ball, location: 2F 1-2: Strikes out swinging
|
Bottom of the 6th over - 1 run(s), 2 hit(s), 1 error(s), 3 left on base; Monroe 5 - Roy 4 |
TOP OF THE 7TH |
Monroe Mallards batting - Pitching for Roy Eagle Squadron : RHP Tony Zamora
|
Batting: LHB Mark Spencer
|
0-0: SINGLE (Groundball, 56D)
|
Batting: RHB Roberto Sánchez
|
0-0: Sac Bunt - play at first, batter OUT! 2-4 Mark Spencer to second
|
Batting: RHB Rafael Crus
|
0-0: Hit by Pitch
|
Batting: RHB Ricardo López
|
0-0: Ball 1-0: Ball 2-0: Called Strike 2-1: Ball 3-1: Fielders Choice at 2nd, 6-4 (Groundball, 6) Mark Spencer to third
|
Batting: RHB Cisco López
|
0-0: Fielders Choice at 2nd, 4-6 (Groundball, 4)
|
Top of the 7th over - 0 run(s), 1 hit(s), 0 error(s), 1 left on base; Monroe 5 - Roy 4 |
BOTTOM OF THE 7TH |
Roy Eagle Squadron batting - Pitching for Monroe Mallards : RHP Mark Thompson
|
Batting: RHB Jesús Ortíz
|
0-0: Ball 1-0: Ball 2-0: SINGLE (Line Drive, 7S)
|
Batting: RHB Oliver Sánchez
|
0-0: Ball 1-0: Grounds into double play, 6-4-3 (Groundball, 6)
|
Batting: RHB Mike Russell
|
0-0: Foul Ball, location: 2F 0-1: Swinging Strike 0-2: Ball 1-2: Ball 2-2: Foul Ball, location: 2F 2-2: SINGLE (Groundball, 34D)
|
Batting: RHB Rich Crabtree
|
0-0: Ball 1-0: Foul Ball, location: 2F 1-1: Fielders Choice at 2nd, 6-4 (Groundball, 6)
|
Bottom of the 7th over - 0 run(s), 2 hit(s), 0 error(s), 0 left on base; Monroe 5 - Roy 4 |
TOP OF THE 8TH |
Monroe Mallards batting - Pitching for Roy Eagle Squadron : RHP Tony Zamora
|
Batting: SHB Richie Gallegos
|
0-0: Ball 1-0: Ground out 4-3 (Groundball, 4S)
|
Batting: LHB Dave Tucker
|
0-0: Foul Ball, location: 2F 0-1: Swinging Strike 0-2: Reached on error, E4 (Groundball, 4)
|
Batting: LHB Frank Byrd
|
0-0: Intentional Walk
|
Batting: RHB Simon Plante
|
0-0: Ball Dave Tucker steals 3rd base Frank Byrd to second 1-0: Fly out, F8 (Flyball, 78M) Runner from 3rd tags up, SCORES, no throw
|
Batting: LHB Mark Spencer
|
0-0: Called Strike 0-1: Ball 1-1: SINGLE (Groundball, 6) (infield hit) Frank Byrd to third
|
Batting: RHB Roberto Sánchez
|
0-0: Ball Wild Pitch! Frank Byrd scores Mark Spencer to second 1-0: SINGLE (Line Drive, 8RM) Mark Spencer to third Runner from 3rd tries for Home, SAFE, no throw
|
Pitching: RHP John Ashe
|
|
Batting: RHB Rafael Crus
|
0-0: Ground out 6-3 (Groundball, 6S)
|
Top of the 8th over - 3 run(s), 2 hit(s), 1 error(s), 1 left on base; Monroe 8 - Roy 4 |
BOTTOM OF THE 8TH |
Roy Eagle Squadron batting - Pitching for Monroe Mallards : RHP Mark Thompson
|
Batting: RHB Chad Battle
|
0-0: Called Strike 0-1: Ball 1-1: Foul Ball, location: 2F 1-2: Foul Ball, location: 2F 1-2: SINGLE (Flyball, 8LS)
|
Batting: LHB Quinn Webb
|
0-0: Ball 1-0: Ball 2-0: Swinging Strike 2-1: Ball 3-1: Fly out, F4 (Line Drive, 4)
|
Batting: SHB Garrett Waller
|
0-0: Ball 1-0: Called Strike 1-1: SINGLE (Line Drive, 56D) Chad Battle to second
|
Batting: RHB Dan Duckworth
|
0-0: Ball 1-0: Ball 2-0: Ball 3-0: Base on Balls Chad Battle to third Garrett Waller to second
|
Batting: SHB Shannon Cline
|
0-0: Called Strike 0-1: Swinging Strike 0-2: Foul Ball, location: 2F 0-2: Strikes out looking
|
Batting: RHB Jesús Ortíz
|
0-0: Called Strike 0-1: Swinging Strike 0-2: Ball 1-2: Strikes out swinging
|
Bottom of the 8th over - 0 run(s), 2 hit(s), 0 error(s), 3 left on base; Monroe 8 - Roy 4 |
TOP OF THE 9TH |
Monroe Mallards batting - Pitching for Roy Eagle Squadron : RHP John Ashe
|
Batting: RHB Ricardo López
|
0-0: Ball 1-0: Ball 2-0: Ball 3-0: Called Strike 3-1: Base on Balls
|
Batting: RHB Cisco López
|
0-0: Ball Ricardo López steals 2nd base 1-0: Called Strike 1-1: Foul Ball, location: 2F 1-2: Strikes out swinging
|
Batting: SHB Richie Gallegos
|
0-0: Ground out 4-3 (Groundball, 4) Ricardo López to third
|
Batting: LHB Dave Tucker
|
0-0: Swinging Strike 0-1: Called Strike 0-2: Ball 1-2: Ball 2-2: Ball 3-2: Ground out 3-1 (Groundball, 34)
|
Top of the 9th over - 0 run(s), 0 hit(s), 0 error(s), 1 left on base; Monroe 8 - Roy 4 |
BOTTOM OF THE 9TH |
Roy Eagle Squadron batting - Pitching for Monroe Mallards : RHP Mark Thompson
|
Pitching: LHP Alex Roberts
|
|
Batting: RHB Oliver Sánchez
|
0-0: Swinging Strike 0-1: Ground out 5-3 (Groundball, 56S)
|
Batting: RHB Mike Russell
|
0-0: Called Strike 0-1: Ball 1-1: Foul Ball, location: 2F 1-2: Ball 2-2: Foul Ball, location: 2F 2-2: Strikes out swinging
|
Batting: RHB Rich Crabtree
|
0-0: Called Strike 0-1: Called Strike 0-2: Ball 1-2: Ball 2-2: Foul Ball, location: 2F 2-2: Fly out, F8 (Flyball, 78M)
|
Bottom of the 9th over - 0 run(s), 0 hit(s), 0 error(s), 0 left on base; Monroe 8 - Roy 4 |
|